AoeStats
← Pwncakes

Pilgrims

508312275Analyzed
4v4 RM · 10d ago on Sep 21, 2026· 40m 24s· 8 players
Game mode
Random Map
Map size
Large (8 player)
Population
200
Speed
Normal
Resources
Standard
Victory
Conquest
Starting age
Dark Age
Ending age
Imperial Age
RankedLock teamsTeams togetherTeam positionsShared explorationLock speedFull tech treeHidden civsTurbo modeCheats
Victory
Defeat
🇦🇷 Persians · Argentina
1438
+13
🇺🇸 Huns · United States
1427
+13
🇫🇮 Byzantines · Finland
1302
+19
🇦🇺 Bulgarians · Australia
1301
+18
🇪🇸 Ethiopians · Spain
1414
-18
🇺🇸 Mapuche · United States
1375
-16
🇨🇳 Mongols · China
1365
-16
🇫🇷 Magyars · France
1291
-13
Pwncakes
4:48 Loom
6:49 Loom
12:28 Feudal Age
13:33 Fishing Lines
14:36 Fletching
14:49 Double-Bit Axe
16:53 Forging
20:35 Castle Age
21:13 Gold Mining
24:35 Town Watch
牛比无极限
6:11 Loom
12:35 Feudal Age
19:40 Castle Age
19:28 Double-Bit Axe
25:06 Horse Collar
25:47 Fletching
26:21 Ballistics
28:20 Wheelbarrow
28:52 Bodkin Arrow
29:12 Bloodlines
30:02 Padded Archer Armor
34:30 Hand Cart
39:44 Imperial Age
Don Roscon
8:12 Loom
12:43 Feudal Age
16:29 Castle Age
18:23 Double-Bit Axe
20:52 Horse Collar
21:26 Bow Saw
21:40 Heavy Plow
25:10 Wheelbarrow
24:27 Town Watch
27:22 Scale Mail Armor
29:56 Gold Mining
30:01 Stone Mining
32:00 Gold Shaft Mining
31:35 Squires
31:57 Chain Mail Armor
31:53 Forging
33:16 Royal Heirs
34:43 Iron Casting
40:21 Stone Shaft Mining
Sahraoui
8:44 Loom
11:05 Feudal Age
12:44 Double-Bit Axe
15:41 Castle Age
14:12 Fishing Lines
15:51 Fletching
21:34 Bodkin Arrow
23:09 Bloodlines
22:59 Husbandry
24:38 Ballistics
31:25 Wheelbarrow
34:10 Thumb Ring
Isengard
6:23 Loom
13:40 Feudal Age
16:21 Double-Bit Axe
18:59 Bloodlines
19:00 Forging
18:56 Scale Barding Armor
25:30 Wheelbarrow
28:12 Castle Age
27:15 Horse Collar
30:02 Light Cavalry
30:44 Husbandry
32:46 Iron Casting
32:32 Chain Barding Armor
32:09 Fishing Lines
39:11 Heavy Plow
39:25 Bow Saw
[TOX2] A-c-Syno-666
7:01 Loom
12:11 Feudal Age
14:08 Forging
16:58 Scale Barding Armor
19:27 Castle Age
19:26 Bloodlines
19:44 Gold Mining
20:17 Husbandry
24:21 Double-Bit Axe
27:08 Bow Saw
28:11 Wheelbarrow
28:06 Chain Barding Armor
28:10 Horse Collar
30:02 Iron Casting
32:51 Heavy Plow
34:30 Hand Cart
34:58 Town Watch
SpawnShark
4:51 Loom
12:39 Feudal Age
13:40 Double-Bit Axe
16:41 Castle Age
14:36 Fletching
18:24 Medium Warships
18:56 Bow Saw
19:39 Bodkin Arrow
24:10 Fishing Lines
24:55 Horse Collar
25:35 Town Watch
26:07 Gillnets
27:24 Wheelbarrow
32:27 Imperial Age
30:21 Scale Barding Armor
30:26 Forging
32:03 Bloodlines
31:54 Husbandry
33:04 Chain Barding Armor
33:20 Iron Casting
32:58 Gold Mining
34:38 Chemistry
33:11 Cavalier
34:27 Conscription
36:01 Plate Barding Armor
35:42 Stone Mining
38:03 Blast Furnace
39:47 Bracer
40:30 Siege Engineers
40:35 Masonry
engarvi
5:37 Loom
13:38 Feudal Age
15:03 Double-Bit Axe
17:30 Wheelbarrow
21:25 Castle Age
20:37 Gold Mining
20:34 Fishing Lines
23:09 Medium Warships
23:25 Bow Saw
26:03 Imperial Age
26:01 Stone Mining
30:25 Horse Collar
31:07 Scale Barding Armor
30:24 Heavy Camel Rider
34:45 Conscription
35:35 Husbandry
36:02 Chain Barding Armor
37:57 Plate Barding Armor
38:00 Hand Cart
38:36 Elite Cataphract
40:27 Forging
Connection lost

Rejoining the realm…

Still unreachable

The connection could not be restored.

Session expired

The server has moved on; the page needs a fresh start.